 Dungeon Crawl Stone Soup version 0.28.0 (webtiles) character file.

Game seed: 9742456589414147090

143 egresovca the Conjurer (level 5, 0/35 HPs)
             Began as a Demonspawn Conjurer on Feb 15, 2022.
             Slain by an orc (5 damage)
             ... on level 3 of the Dungeon.
             The game lasted 00:03:53 (3240 turns).

egresovca the Conjurer (Demonspawn Conjurer)        Turns: 3240, Time: 00:03:54

Health: 0/35       AC:  3    Str: 14    XL:     5   Next: 4%
Magic:  5/10       EV: 11    Int: 21    God:
Gold:   86         SH:  0    Dex: 11    Spells: 8/11 levels left

rFire   . . .      SeeInvis .   j - +0 short sword
rCold   . . .      Faith    .   (no shield)
rNeg    . . .      Spirit   .   c - +0 leather armour
rPois   .          Reflect  .   (no helmet)
rElec   .          Harm     .   (no cloak)
rCorr   .          Rampage  .   (no gloves)
Will    .....                   (no boots)
Stlth   +.........              (no amulet)
HPRegen 0.11/turn               f - +6 ring of strength
MPRegen 0.12/turn               (no ring)

@: no status effects
A: foul stench 2, demonic magic 1
a: no special abilities


You were on level 3 of the Dungeon.
You visited 1 branch of the dungeon, and saw 3 of its levels.

You collected 86 gold pieces.

Inventory:

Hand Weapons
 d - a +0 whip
 j - a +0 short sword (weapon)
 m - a +0 vorpal hand axe
Missiles
 g - 4 silver javelins
Armour
 a - a +0 robe
 c - a +0 leather armour (worn)
Jewellery
 f - a +6 ring of strength (left hand)
Wands
 l - a wand of polymorph (11)
Scrolls
 i - a scroll of immolation {unknown}
 n - a scroll of fog {unknown}
Potions
 b - a potion of lignification
 e - a potion of attraction {unknown}
 h - 2 potions of degeneration {unknown}
 k - a potion of brilliance {unknown}
 o - a potion of heal wounds {unknown}
 p - a potion of flight {unknown}


   Skills:
 - Level 1.7 Dodging
 - Level 1.7 Stealth
 + Level 3.8 Spellcasting
 + Level 5.2 Conjurations


You had 8 spell levels left.
You knew the following spells:

 Your Spells              Type           Power      Damage    Failure   Level
a - Magic Dart            Conj           100%       1d8       1%          1
b - Searing Ray           Conj           50%        2d6       2%          2

Your spell library contained the following spells:

 Spells                   Type           Power      Damage    Failure   Level
 Foxfire                  Conj/Fire      56%        2x1d6     5%          1
 Conjure Flame            Conj/Fire      14%        6-21      16%         3
 Dazzling Flash           Conj/Hex       28%        N/A       16%         3
 Inner Flame              Hex/Fire       4%         N/A       43%         3
 Flame Wave               Conj/Fire      14%        2d6       47%         4
 Fulminant Prism          Conj/Hex       7%         3d7       47%         4
 Iskenderun's Mystic Bla  Conj/Tloc      14%        2d5       47%         4


Dungeon Overview and Level Annotations

Branches:
Dungeon (3/15)

Altars:
Elyvilon


Innate Abilities, Weirdness & Mutations

You sometimes emit foul miasma when damaged in melee.
Spells you cast may paralyse adjacent enemies.


Message History

Found 23 arrows.
An orc comes into view. It is wielding a +0 club.
The orc priest shouts!
An orc priest comes into view. It is wielding a +2 whip of venom.
You see here a book of Flames.
You pick up a book of Flames and begin reading...
You add the spells Foxfire, Conjure Flame, Inner Flame and Flame Wave to your library.
The orc shouts!
An orc wizard comes into view. It is wielding a +0 dagger.
Aiming: Searing Ray (safe; 2% risk of failure)
Press: ? - help, Q - select action, (/) - cycle Shift-Dir - straight line, f - rat
Aim: a rat (79% to hit)
The searing ray misses the rat.
The searing ray hits the orc priest.
The orc priest is heavily wounded. (Press . to maintain the ray.) Malevolent energies surge around you.
The rat suddenly stops moving!
The orc priest shouts!
The orc wizard shouts!
The orc priest mumbles some strange prayers to Beogh against you.
Beogh smites you!
You hear an angry hiss.
The searing ray hits the rat!
You kill the rat!
The searing ray hits the orc priest.
The orc priest is heavily wounded.
The searing ray misses the orc priest.
The orc wizard gestures wildly while chanting.
The orc wizard flickers and vanishes!
Deactivating autopickup; reactivate with Ctrl-A.
The orc priest mumbles some strange prayers to Beogh against you.
Beogh smites you!
The searing ray hits the orc priest!
You kill the orc priest!
You finish channelling your searing ray.
A puff of flame appears from out of thin air!
The puff of flame hits you!
* * * LOW HITPOINT WARNING * * *
The orc hits you with a +0 club.
You die...

#######.#
#######)##
........#
#......).#
...######
###........# ...#
#..........# ...#
#.....###'## ####
#.......).# ####
#......#### ....
#......# ....
#.@....# ....
#######.)o...##
....
.............>...
....
.............####
....
...........#+#
....
.......o{....
....
...............
...............
.............(.


You could see an orc priest and an orc.

Vanquished Creatures
  2 orc priests (D:3)
  Robin (D:3)
  A gnoll (D:2)
  An adder (D:2)
  2 dart slugs
  10 orcs (D:3)
  4 endoplasms
  A giant cockroach (D:1)
  11 goblins
  6 hobgoblins
  3 jackals (D:1)
  6 kobolds
  3 quokkas
  3 ball pythons
  3 bats
  4 frilled lizards
  4 rats
65 creatures vanquished.

Notes
Turn   | Place    | Note
-------+----------+-------------------------------------------
     0 | D:1      | egresovca the Demonspawn Conjurer began the quest for the
                  | Orb.
     0 | D:1      | Reached XP level 1. HP: 13/13 MP: 3/3
   306 | D:1      | Gained mutation: You may rarely emit foul miasma when
                  | damaged in melee. [demonic ancestry]
   306 | D:1      | Reached XP level 2. HP: 10/19 MP: 0/5
   309 | D:1      | Learned a level 2 spell: Searing Ray
  1579 | D:2      | Gained mutation: Spells you cast may paralyse adjacent
                  | enemies. [demonic ancestry]
  1579 | D:2      | Reached XP level 3. HP: 24/24 MP: 0/7
  2368 | D:3      | Noticed Robin
  2419 | D:3      | Killed Robin
  2420 | D:3      | Reached XP level 4. HP: 22/30 MP: 5/9
  2886 | D:3      | Reached skill level 5 in Conjurations
  3140 | D:3      | Gained mutation: You sometimes emit foul miasma when
                  | damaged in melee. [demonic ancestry]
  3140 | D:3      | Reached XP level 5. HP: 35/35 MP: 6/10
  3240 | D:3      | Slain by an orc

Illustrated notes

Levels and vault maps discovered:
D:1:      saegor_arrival_under_anarchy, layout_loops_ring
D:2:      layout_rooms, basic_altar, kennysheep_potato
D:3:      cheibrodos_pilgrimage, layout_basic, uniq_robin

Skill      XL: |  1  2  3  4 |
---------------+-------------+-----
Spellcasting   | 3 |  3.8
Conjurations   | 5 |  5.2
Dodging        | |  1.7
Stealth        | |  1.7

Action                   |  1- 3 |  4- 6 || total
-------------------------+-------+-------++-------
Melee: Whip              |    19 |       ||    19
       Short sword       |    10 |    26 ||    36
 Cast: Magic Dart        |    11 |       ||    11
       Searing Ray       |    23 |    14 ||    37
  Use: Scroll            |       |     1 ||     1
 Stab: Paralysed         |     1 |       ||     1
Armor: Robe              |     4 |     4 ||     8
Dodge: Dodged            |    27 |    27 ||    54
